 Dungeon Crawl Stone Soup version 0.17-a0-2231-gd80ca38 (webtiles) character file.

173 Maka the Ruffian (level 5, 0/40 HPs)
             Began as a Draconian Transmuter on Oct 29, 2015.
             Slain by a gnoll
             ... wielding a +0 whip
              (8 damage)
             ... on level 4 of the Dungeon.
             The game lasted 00:06:14 (2456 turns).

Maka the Ruffian (Draconian Transmuter)             Turns: 2456, Time: 00:06:14

Health: 0/40       AC:  6    Str: 13    XL:     5   Next: 28%
Magic:  7/8        EV:  7    Int: 13    God:
Gold:   122        SH:  0    Dex: 12    Spells: 3 memorised, 2 levels left

rFire  . . .     SeeInvis .       - Unarmed
rCold  . . .     Clarity  .     (armour unavailable)
rNeg   . . .     SustAt   .     (no shield)
rPois  .         Gourm    .     (helmet restricted)
rElec  .         Spirit   .     (no cloak)
rCorr  .         Warding  .     n - +0 pair of gloves
rMut   .         Stasis   .     (boots currently unavailable)
MR     .....                    (no amulet)
Stlth  +.........               (no ring)
                                (no ring)

@: appendage (expiring), not resistant to hostile enchantments, very unstealthy
A: unfitting armour, talons 3, cold-blooded, AC +5
a: End Transformation


You were on level 4 of the Dungeon.
You were not hungry.
You had grown temporary talons.
You visited 1 branch of the dungeon, and saw 4 of its levels.

You collected 122 gold pieces.

Inventory:

Missiles
 a - 60 arrows
 m - 8 curare-tipped needles
Armour
 n - a +0 pair of gloves (worn)
Wands
 k - a wand of digging (4)
 p - a wand of draining (9)
Scrolls
 d - 2 scrolls of random uselessness {unknown}
 e - a scroll of fog {unknown}
 g - a scroll of blinking {unknown}
 i - a scroll of immolation {unknown}
 j - 2 scrolls of teleportation {unknown}
 l - 3 scrolls of recharging {unknown}
 o - 3 scrolls of enchant weapon {unknown}
 q - a scroll of remove curse {unknown}
 s - 2 scrolls of amnesia {unknown}
 v - a scroll of magic mapping {unknown}
Potions
 h - a potion of heal wounds {unknown}
 t - a potion of cancellation {unknown}
 u - a potion of poison {unknown}
 w - 2 potions of ambrosia {unknown}
Books
 b - a book of Changes

   Spells                             Type                      Level
   a - Beastly Appendage              Transmutation                1
   b - Sticks to Snakes               Transmutation                2
   c - Spider Form                    Transmutation/Poison         3
   d - Ice Form                       Ice/Transmutation            4
   e - Blade Hands                    Transmutation                5
Comestibles
 c - 4 bread rations
 f - 3 meat rations
 r - 4 fruits
 x - 2 chunks of flesh


   Skills:
 - Level 1.1 Fighting
 - Level 1.7 Dodging
 + Level 6.0 Unarmed Combat
 - Level 2.0 Spellcasting
 - Level 2.0 Transmutations


You had 2 spell levels left.
You knew the following spells:

 Your Spells              Type           Power        Failure   Level  Hunger
a - Beastly Appendage     Trmt           #.....       12%         1    ##.....
b - Sticks to Snakes      Trmt           #.........   17%         2    ###....
c - Spider Form           Trmt/Pois      #.........   52%         3    ####...


Dungeon Overview and Level Annotations

Branches:
Dungeon (4/15)
 Temple: D:4-7

Altars:
Kikubaaqudgha
Sif Muna
Trog

Annotations:
D:4 Oper80's ghost, amateur HEFi


Innate Abilities, Weirdness & Mutations

Your plain brown scales are hard (AC +5).
Your body does not fit into most forms of armour.
You are cold-blooded and may be slowed by cold attacks.
You have claws for feet.


Message History

The gnoll is severely wounded.
The gnoll barely misses you.
Casting: Beastly Appendage
Confirm with . or Enter, or press ? or * to list all spells.
Your feet morph into talons.
Your transformation is almost over.
The gnoll hits you with a whip. The gnoll misses you.
You barely miss the gnoll.
The gnoll is severely wounded.
The gnoll misses you. The gnoll hits you with a hand axe.
You barely miss the gnoll. You claw the gnoll.
The gnoll is severely wounded.
The gnoll hits you with a whip.
You hit the gnoll.
The gnoll is almost dead.
The gnoll barely misses you. The gnoll hits you with a whip.
* * * LOW HITPOINT WARNING * * *
You are too injured to fight recklessly!
The gnoll barely misses you. The gnoll hits you with a whip!
You die...

#.# #.##.##
#...# #.##
.....# #...#
...####.###.####
#.g.# ..))W.W.#
#.# #...#
...)###.# #.#
#.o.# #.#<# ..
##.## #.#.#
####### #.#
..#..
#.....#####.#
###### #@#o(...#
#ggo#####
###.......
.....### ...##.#
..... ..# ≈...#.
... +...g .. ..
..


You could see 2 gnolls and an orc.

Vanquished Creatures
  A worker ant (D:4)
  2 gnolls
  3 adders
  An adder skeleton (D:4)
  2 worms (D:2)
  4 giant geckos
  11 orcs
  7 bats
  2 giant cockroaches
  5 goblins
  8 hobgoblins
  6 giant newts
  15 jackals
  3 kobolds (D:1)
  2 quokkas
  10 rats
82 creatures vanquished.

Notes
Turn   | Place    | Note
--------------------------------------------------------------
     0 | D:1      | Maka the Draconian Transmuter began the quest for the Orb.
     0 | D:1      | Reached XP level 1. HP: 16/16 MP: 3/3
   175 | D:1      | Reached XP level 2. HP: 21/23 MP: 5/5
   446 | D:1      | Reached skill level 4 in Unarmed Combat
   446 | D:1      | Reached XP level 3. HP: 28/28 MP: 4/6
  1362 | D:2      | Reached XP level 4. HP: 22/35 MP: 5/7
  1399 | D:2      | Learned a level 2 spell: Sticks to Snakes
  1403 | D:2      | Learned a level 3 spell: Spider Form
  1433 | D:2      | Reached skill level 5 in Unarmed Combat
  1813 | D:3      | Found a bloodstained altar of Trog.
  1816 | D:3      | Found an ancient bone altar of Kikubaaqudgha.
  1819 | D:3      | Found a deep blue altar of Sif Muna.
  2195 | D:4      | Noticed Oper80's ghost (amateur HEFi)
  2280 | D:4      | Reached XP level 5. HP: 32/40 MP: 6/8
  2415 | D:3      | Reached skill level 6 in Unarmed Combat
  2456 | D:4      | Slain by a gnoll

Vault maps used:
D:1:      saegor_arrival_simple_f
D:3:      minmay_overflow_temple_star_quad
D:4:      kennysheep_mini_moat, serial_shops, shop_fountains, first_bread,
          enter_ossuary_3

Action                   |  1- 3 |  4- 6 || total
-------------------------+-------+-------++-------
Melee: Unarmed           |   158 |   131 ||   289
 Cast: Beastly Appendage |     8 |     6 ||    14
 Stab: Distracted        |     1 |       ||     1
  Eat: Chunk             |     1 |     5 ||     6
